 Dungeon Crawl Stone Soup version 0.31-a0-202-g547052bce9 (webtiles) character file.

Game seed: 3130305800602323152

2411 Gorgondantess the Arsonist (level 9, -3/44 HPs)
             Began as a Tengu Fire Elementalist on June 26, 2023.
             Was a Believer of Hepliaklqana.
             Slain by an orc warrior
             ... wielding a +0 hand axe
              (12 damage)
             ... on level 7 of the Dungeon.
             The game lasted 00:14:59 (6725 turns).

Gorgondantess the Arsonist (TeFE)                   Turns: 6725, Time: 00:14:59

Health: -3/44      AC:  8    Str:  7 (9)  XL:     9   Next: 47%
Magic:  1/18       EV: 16    Int: 16 (19) God:    Hepliaklqana [**....]
Gold:   11         SH:  0    Dex: 14 (15) Spells: 11/18 levels left

rFire   + . .        J - +4 short sword (drain)
rCold   + . .        (no shield)
rNeg    . . .        a - +0 steam dragon scales
rPois   +            (helmet restricted)
rElec   +            K - +0 cloak {Stlth+}
rCorr   +            p - +0 pair of gloves
SInv    .            (boots unavailable)
Will    +....        (no amulet)
Stlth   +++          C - ring of willpower
HPRegen 0.27/turn    i - ring of poison resistance
MPRegen 0.16/turn

%: no passive effects
@: resistant, flying quickly and evasively, studying Conjurations, quick
A: reduced essence, beak, talons 3, nimble flight
a: Renounce Religion, Recall Ancestor, Ancestor Identity


You were on level 7 of the Dungeon.
You worshipped Hepliaklqana.
Hepliaklqana was pleased with you.
You visited 2 branches of the dungeon, and saw 8 of its levels.

You collected 304 gold pieces.
You spent 293 gold pieces at shops.

Inventory:

Hand Weapons
 e - a +0 dagger
 x - a +0 shortbow
 G - a +1 falchion of holy wrath
 J - a +4 short sword of draining (weapon)
 L - a +1 trident of pain
Missiles
 q - 2 curare-tipped darts
 I - 15 poisoned darts
Armour
 a - +0 steam dragon scales (worn)
 g - a +0 leather armour
 p - a +0 pair of gloves (worn)
 K - a +0 cloak of stealth (worn)
Jewellery
 f - a ring of protection from cold
 i - a ring of poison resistance (right hand)
 z - an amulet of guardian spirit
 A - a ring of resist corrosion
 C - a ring of willpower (left hand)
Wands
 r - a wand of polymorph (11)
Scrolls
 c - 2 scrolls of fear {unknown}
 m - 2 scrolls of amnesia {unknown}
 n - 2 scrolls of fog {unknown}
 o - a scroll of enchant weapon {unknown}
 t - 3 scrolls of immolation {unknown}
 v - 2 scrolls of identify {unknown}
 y - 2 scrolls of blinking {unknown}
 D - a scroll of torment {unknown}
 F - a scroll of enchant armour {unknown}
Potions
 b - 2 potions of magic
 d - a potion of degeneration
 h - 4 potions of enlightenment
 j - 5 potions of curing
 k - a potion of mutation {unknown}
 l - a potion of cancellation {unknown}
 s - 4 potions of attraction
 u - a potion of ambrosia {unknown}
 w - a potion of might {unknown}
 B - a potion of haste {unknown}
 E - a potion of lignification {unknown}
 H - a potion of resistance


   Skills:
 + Level 2.3 Fighting
 - Level 3.6 Armour
 - Level 4.3 Dodging
 - Level 2.0 Stealth
 + Level 5.3 Spellcasting
 * Level 7.6 Conjurations
 + Level 9.2 Fire Magic


You had 11 spell levels left.
You knew the following spells:

 Your Spells              Type           Power      Damage    Failure   Level
a - Foxfire               Conj/Fire      100%       2x1d9     1%          1
b - Scorch                Fire           66%        2d7       1%          2
c - Flame Wave            Conj/Fire      31%        2d9       4%          4

Your spell library contained the following spells:

 Spells                   Type           Power      Damage    Failure   Level
 Inner Flame              Hex/Fire       19%        N/A       7%          3
 Volatile Blastmotes      Fire/Tloc      38%        2d13      7%          3
 Ensorcelled Hibernation  Hex/Ice        8%         N/A       22%         2
 Spider Form              Tmut/Pois      4%         N/A       41%         3
 Anguish                  Hex/Necr       2%         N/A       82%         4
 Storm Form               Tmut/Air       2%         N/A       100%        7
 Maxwell's Capacitive Co  Air            2%         ∞         100%        8


Dungeon Overview and Level Annotations

Branches:
Dungeon (7/15)             Temple (1/1) D:4

Altars:
Ashenzari
Cheibriados
Dithmenos
Elyvilon
Fedhas
Gozag
Hepliaklqana
Kikubaaqudgha
Makhleb
Nemelex Xobeh
Okawaru
Qazlal
Sif Muna
Trog
Uskayaw
Vehumet
Wu Jian
Xom
Yredelemnul
The Shining One

Shops:
D:3 !   D:5 [   D:6 [(*[(

Annotations:
D:6 3 runed translucent doors, cforsyth's ghost, novice OgFE; drugrobin's ghost, novice DgDe; lunkers's ghost, novice MeFi


Innate Abilities, Weirdness & Mutations

Your life essence is reduced to manifest your ancestor. (-10% HP)
You have a beak for a mouth.
You have claws for feet.
Your magical nature lets you fly swiftly and evasively.


Message History

Matia blocks the orc wizard's attack.
The orc warrior barely misses you.
The orc warrior hits Matia with a +0 hand axe.
Matia is destroyed!
The orc warrior throws a boomerang.
The boomerang hits you.
Flames lash the orc warrior but do no damage.
The orc wizard casts a spell at you. The puff of flame hits you!
The orc wizard is no longer more vulnerable to fire.
You are too injured to fight recklessly!
Unknown command.
Casting: Scorch (safe; 1% risk of failure)
Confirm with . or Enter, or press ? or * to list all spells.
Flames lash the orc warrior but do no damage.
The orc warrior hits you with a +0 hand axe.
* * * LOW HITPOINT WARNING * * *
Unknown command.
Unknown command.
You barely miss the orc warrior. Your kick misses the orc warrior.
The orc warrior is almost dead.
The orc warrior is no longer more vulnerable to fire.
The orc warrior hits you with a +0 hand axe.
* * * LOW HITPOINT WARNING * * *
The orc wizard casts a spell.
The orc wizard flickers and vanishes!
Deactivating autopickup; reactivate with Ctrl-A.
Unknown command.
It was a potion of degeneration.
There was something very wrong with that liquid.
You feel weakened.
You feel dopey.
You feel clumsy.
The orc warrior hits you with a +0 hand axe.
* * * LOW HITPOINT WARNING * * *
Unknown command.
It was a potion of resistance.
You feel protected.
The orc warrior hits you with a +0 hand axe.
* * * LOW HITPOINT WARNING * * *
Something hits you but does no damage.
You feel better.
The orc warrior hits you with a +0 hand axe!
You die...

#.........# #.........#
#.........# #
#.........#
#############.........#
............>.........#
.###########..........#
.# #....o.....# .#
#....@.....# .######
####......##### ......#
#.........# #####.#
#.........# #.#
#.........# #.#
#.........###### #.#
#..............# #.#
#........#####.# #.#
#........# #.#


You could see an orc warrior.

Vanquished Creatures
  Eustachio (D:5)
  2 ice beasts
  An orc warrior (D:7)
  A black bear (D:5)
  A sky beast (D:7)
  3 ogres
  A phantom (D:4)
  2 bullfrogs
  2 scorpions
  2 hounds (D:7)
  A jelly (D:5)
  A quasit (D:4)
  4 orc priests
  An iguana (D:7)
  3 orc wizards
  A gnoll (D:4)
  10 adders
  2 shadow imps
  2 white imps (D:7)
  2 ufetubi
  A worm (D:4)
  2 dart slugs
  20 orcs
  6 ball pythons
  4 bats
  4 endoplasms
  4 giant cockroaches
  6 goblins
  5 hobgoblins
  5 quokkas
  2 frilled lizards (D:2)
  12 kobolds
  6 rats
120 creatures vanquished.

Vanquished Creatures (collateral kills)
  Maggie (D:6)
  A black bear (D:7)
  A kobold brigand (D:6)
  2 bullfrogs
  A howler monkey (D:7)
  A hound (D:5)
  2 white imps
  2 orcs
  A kobold (D:6)
12 creatures vanquished.

Vanquished Creatures (others)
  A knight (D:7)
  128 foxfires
129 creatures vanquished.

Grand Total: 261 creatures vanquished

Notes
Turn   | Place    | Note
-------+----------+-------------------------------------------
     0 | D:1      | Gorgondantess the Tengu Fire Elementalist began the quest
                  | for the Orb.
     0 | D:1      | Reached XP level 1. HP: 10/10 MP: 4/4
   291 | D:1      | Reached XP level 2. HP: 14/15 MP: 4/6
   650 | D:1      | Reached XP level 3. HP: 16/19 MP: 3/7
   694 | D:1      | Learned a level 2 spell: Scorch
   706 | D:1      | Reached skill level 4 in Fire Magic
  1815 | D:3      | Reached XP level 4. HP: 24/24 MP: 5/8
  1934 | D:3      | Found Weaklof's Distillery.
  1942 | D:3      | Bought a potion of attraction for 33 gold pieces
  1942 | D:3      | Bought a potion of curing for 33 gold pieces
  1942 | D:3      | Bought a potion of enlightenment for 55 gold pieces
  2296 | D:3      | Reached skill level 5 in Fire Magic
  2296 | D:3      | Gained mutation: Your magical nature lets you fly swiftly
                  | and evasively. [Tengu growth]
  2296 | D:3      | Reached XP level 5. HP: 27/28 MP: 2/10
  2671 | D:4      | Noticed an ogre
  2672 | D:4      | Noticed an ogre
  2695 | D:4      | Killed an ogre
  2696 | D:4      | Reached XP level 6. HP: 32/32 MP: 3/11
  2720 | D:4      | Reached skill level 6 in Fire Magic
  3020 | D:4      | Reached XP level 7. HP: 36/36 MP: 9/13
  3183 | D:4      | Reached skill level 1 in Armour
  3220 | D:4      | Found a staircase to the Ecumenical Temple.
  3231 | Temple   | Entered the Ecumenical Temple
  3260 | Temple   | Became a worshipper of Hepliaklqana the Forgotten
  3503 | D:4      | Found a broken altar of Ashenzari.
  3859 | D:5      | Entered Level 5 of the Dungeon
  3859 | D:5      | Found a shimmering blue altar of Sif Muna.
  3859 | D:5      | Found a shadowy altar of Dithmenos.
  3859 | D:5      | Found a snail-covered altar of Cheibriados.
  3859 | D:5      | Found an opulent altar of Gozag.
  3868 | D:5      | Found a burning altar of Makhleb.
  3869 | D:5      | Found a blossoming altar of Fedhas.
  4022 | D:5      | Noticed Eustachio
  4066 | D:4      | Learned a level 4 spell: Flame Wave
  4078 | D:5      | Killed Eustachio
  4079 | D:5      | Reached skill level 5 in Conjurations
  4079 | D:5      | Reached skill level 7 in Fire Magic
  4197 | D:5      | Reached XP level 8. HP: 41/41 MP: 9/15
  4282 | D:5      | Reached * piety under Hepliaklqana
  4530 | D:5      | Found a glowing golden altar of the Shining One.
  4617 | D:5      | Found Iluastre's Antique Armour Shop.
  4717 | D:6      | Found Nuummae's Antique Armour Boutique.
  4944 | D:6      | Found Apiuful's Assorted Antiques.
  4954 | D:6      | Found Zaweiw's Antique Weapon Boutique.
  5026 | D:6      | Found a runed translucent gate.
  5026 | D:6      | Found a runed translucent gate.
  5026 | D:6      | Found a runed translucent gate.
  5031 | D:6      | Noticed drugrobin's ghost (novice DgDe)
  5031 | D:6      | Noticed lunkers's ghost (novice MeFi)
  5031 | D:6      | Noticed cforsyth's ghost (novice OgFE)
  5406 | D:6      | Found Ixzexku's Antique Armour Shop.
  5587 | D:6      | Bought an embroidered cloak for 172 gold pieces
  5622 | D:6      | Found Cuw Sote's Weapon Shop.
  5810 | D:6      | Found a sparkling altar of Nemelex Xobeh.
  5829 | D:6      | Reached ** piety under Hepliaklqana
  5830 | D:6      | Remembered your ancestor Matia as a knight
  5848 | D:6      | Noticed Maggie
  5855 | D:6      | Killed Maggie
  5856 | D:6      | Reached skill level 8 in Fire Magic
  6215 | D:7      | Reached XP level 9. HP: 41/41 MP: 12/17
  6290 | D:7      | Reached skill level 1 in Fighting
  6302 | D:7      | Reached skill level 5 in Spellcasting
  6411 | D:7      | Reached skill level 9 in Fire Magic
  6725 | D:7      | Slain by an orc warrior

Illustrated notes

Levels and vault maps discovered:
D:1:      dpeg_arrival_court, layout_basic
D:2:      layout_loops_ring, hangedman_decor_diamond_cutter, minivault_19,
          ebering_dispersal_statue_hall
D:3:      layout_rooms, serial_shops, nicolae_shop_crystal
D:4:      kennysheep_six_static_rooms, layout_basic, nicolae_ashenzari_skybound,
          minmay_temple_entry_ruins, serial_demonic, serial_demonic_b,
          serial_demonic_b, serial_demonic_c, serial_demonic_g,
          dreamdust_wishing_well
D:5:      layout_cave_pools, lemuel_doored_altar, grunt_temple_overflow_open,
          lemuel_round_altar, serial_shops, nicolae_shop_just_a_little_nook,
          kennysheep_big_empty_room, corexii_checkpoint_a, uniq_eustachio
D:6:      layout_basic, mainiacjoe_overflow_brackets, serial_shops,
          nicolae_shop_tiny_glass, shop, shop, shop, shop,
          gammafunk_ghost_cemetery, uniq_maggie
D:7:      wad_guarded_room, layout_basic, pf_just_have_faith, serial_glass,
          glass_columns_a, glass_columns_b, minmay_manual_monstrance
Temple:   nicolae_temple_bog_church

Skill      XL: |  1  2  3  4  5  6  7  8  9 |
---------------+----------------------------+-----
Conjurations   | 2 3 4 5 6 7 |  7.6
Fire Magic     | 4 5 6 7 8 9 |  9.2
Spellcasting   | 3 4 5 |  5.3
Armour         | 2 3 |  3.6
Dodging        | 3 4 |  4.3
Fighting       | 2 |  2.3
Stealth        | |  2.0

Action                     |  1- 3 |  4- 6 |  7- 9 || total
---------------------------+-------+-------+-------++-------
  Melee: Dagger            |    26 |     1 |       ||    27
         Unarmed           |     4 |       |       ||     4
         Kick              |     5 |       |     7 ||    12
         Peck              |     3 |       |     5 ||     8
         Falchion          |       |       |    14 ||    14
         Short sword       |       |       |    22 ||    22
   Fire: Shortbow          |       |    37 |    17 ||    54
   Cast: Foxfire           |    28 |    31 |    21 ||    80
         Scorch            |     4 |    22 |    86 ||   112
 Invoke: Recall Ancestor   |       |       |     2 ||     2
         Ancestor Life: Kn |       |       |     1 ||     1
    Use: Potion            |       |       |     3 ||     3
   Stab: Sleeping          |     4 |       |     1 ||     5
 Armour: Robe              |     1 |       |       ||     1
         Leather armour    |     7 |    10 |    10 ||    27
         Steam dragon scal |       |       |     4 ||     4
  Dodge: Dodged            |    17 |    27 |    35 ||    79

Table legend: (Time is in decaauts)
 A = Elapsed time spent in this place.
 B = Non-inter-level travel time spent in this place.
 C = Inter-level travel time spent in this place.
 D = Time resting spent in this place.
 E = Time spent auto-exploring this place.
 F = Levels seen in this place.
 G = Mean time per level.
                   A        B        C        D        E       F      G
               +--------+--------+--------+--------+--------+-----+--------+
         Total |   6492 |   6195 |    297 |    296 |   4825 |   8 |  811.5 |
       Dungeon |   6338 |   6059 |    279 |    296 |   4703 |   7 |  905.4 |
        Temple |    153 |    135 |     18 |      0 |    122 |   1 |  153.0 |
               +--------+--------+--------+--------+--------+-----+--------+

Top non-repeatable levels by time:
     D:6: 1330 daAuts
     D:4: 1155 daAuts
     D:2: 950 daAuts
     D:1: 905 daAuts
     D:5: 803 daAuts
     D:3: 625 daAuts
     D:7: 567 daAuts
  Temple: 153 daAuts
